 Dungeon Crawl Stone Soup version 0.17.0-23-g0de4337 (webtiles) character file.

53 Ordine the Changer (level 3, 4/46 HPs)
             Began as a Naga Transmuter on Nov 14, 2015.
             Quit the game on level 2 of the Dungeon.
             The game lasted 00:07:09 (2067 turns).

Ordine the Changer (Naga Transmuter)                Turns: 2067, Time: 00:07:09

Health: 4/46       AC: 26    Str: 12    XL:     3   Next: 87%
Magic:  7/7        EV:  1    Int: 19    God:
Gold:   64         SH:  0    Dex: 11    Spells: 2 memorised, 3 levels left

rFire  . . .     SeeInvis +     o - +1 dagger (protect)
rCold  . . .     Clarity  .     (armour currently unavailable)
rNeg   + + +     SustAt   .     (no shield)
rPois  +         Gourm    .     (helmet currently unavailable)
rElec  .         Spirit   .     (cloak currently unavailable)
rCorr  .         Warding  .     (gloves currently unavailable)
rMut   .         NoTele   +     (no barding)
MR     .....                    (no amulet)
Stlth  +.........               (no ring)
                                (no ring)

@: brilliant, lethally poisoned (4 -> -13), tree-form, very slightly
contaminated, invisible, not resistant to hostile enchantments, very unstealthy
A: see invisible, (deformed body), (poison resistance), (slowness 0), slow
metabolism 1, spit poison 2, AC +1
a: Spit Poison


You were on level 2 of the Dungeon.
You were not hungry.
You were a tree.
You visited 1 branch of the dungeon, and saw 2 of its levels.

You collected 64 gold pieces.

Inventory:

Hand Weapons
 o - a +1 dagger of protection (weapon)
Armour
 b - a +0 robe (melded)
 n - a +0 helmet
Jewellery
 g - an uncursed ring of positive energy {unknown}
 i - an uncursed ring of flight
Scrolls
 f - a scroll of recharging
Potions
 e - a potion of flight
 k - 2 potions of lignification
 m - a potion of cure mutation
Books
 c - a book of Changes

   Spells                             Type                      Level
   a - Beastly Appendage              Transmutation                1
   b - Sticks to Snakes               Transmutation                2
   c - Spider Form                    Transmutation/Poison         3
   d - Ice Form                       Ice/Transmutation            4
   e - Blade Hands                    Transmutation                5
Comestibles
 d - 3 bread rations
 l - 6 chunks of flesh


   Skills:
 - Level 1.0 Fighting
 - Level 1.5 Dodging
 - Level 3.0 Unarmed Combat
 + Level 2.7 Spellcasting
 * Level 3.4 Transmutations


You had 3 spell levels left.
You knew the following spells:

 Your Spells              Type           Power        Failure   Level  Hunger
a - Beastly Appendage     Trmt           ####..       1%          1    None
b - Spider Form           Trmt/Pois      ###.......   3%          3    ###....


Dungeon Overview and Level Annotations

Branches:
Dungeon (2/15)

Altars:

Annotations:
D:2 dig


Innate Abilities, Weirdness & Mutations

You cannot wear boots.
((Your serpentine skin is tough (AC +1).))
You have supernaturally acute eyesight.
((Armour fits poorly on your strangely shaped body.))
((Your system is resistant to poisons.))
((You cover ground very slowly.))
You have a slow metabolism.
You can spit poison.


Message History

You feel sick. The gnoll hits you but does no damage.
The gnoll hits you but does no damage. The gnoll hits you with a spear.
* * * LOW HITPOINT WARNING * * *
The gnoll hits you from afar with a spear of venom.
* * * LOW HITPOINT WARNING * * *
You are very lightly contaminated with residual magic.
Drink which item? (? for menu, Esc to quit)
It was a potion of brilliance.
You feel clever all of a sudden.
The gnoll hits you but does no damage. x3
Drink which item? (? for menu, Esc to quit)
It was a potion of cure mutation.
It has a very clean taste.
* * * LOW HITPOINT WARNING * * *
You feel sick. The gnoll hits you but does no damage.
You are more poisoned.
The gnoll hits you from afar with a spear.
* * * LOW HITPOINT WARNING * * *
The gnoll hits you but does no damage. x2
Unknown command.
Are you sure you want to abandon this character and quit the game? (Confirm with "yes".)

####..##................#
..#....................##
#...............##.....#
###.....###............##
#.....###.###..#.......
####....÷...##..........#
.......§§§.......#..#####
.......§........##..#####
.....#.)♣§......#.......#
.....#..gg...............
.....##gg.......###....##
.... .....>.#.#...#..#..
... ##........#.⌠.#..#.⌠
#..#...#.#...#≈≈#..
##.......≈###≈≈≈≈##
..[#.#...≈≈≈≈≈≈≈≈≈
.≈≈≈≈≈≈≈≈≈


You could see 4 gnolls.

Vanquished Creatures
  Robin (D:2)
  An ooze (D:1)
  A worm (D:2)
  A giant gecko (D:1)
  2 giant cockroaches (D:1)
  7 hobgoblins
  2 kobolds (D:1)
  3 bats
  4 giant newts
  11 goblins
  2 rats (D:1)
35 creatures vanquished.

Notes
Turn   | Place    | Note
--------------------------------------------------------------
     0 | D:1      | Ordine the Naga Transmuter began the quest for the Orb.
     0 | D:1      | Reached XP level 1. HP: 18/18 MP: 3/3
   601 | D:1      | Reached XP level 2. HP: 25/25 MP: 5/5
  1536 | D:2      | Reached XP level 3. HP: 9/31 MP: 4/6
  1548 | D:2      | Noticed Robin
  1557 | D:2      | Killed Robin
  1932 | D:2      | Learned a level 3 spell: Spider Form
  2067 | D:2      | Quit the game

Action                   || total
-------------------------++-------
Melee: Unarmed           ||   148
       Dagger            ||     6
 Cast: Beastly Appendage ||    15
  Use: Scroll            ||     4
       Potion            ||     6
 Stab: Sleeping          ||     2
  Eat: Chunk             ||     3
